General information
- name: BNet
- type: Ladder 1vs1/FFA
- host: Battle.net
- saver: umm
map: RoadToStratholme
- players: 2
- length: 37:45
- speed: Fast
- version: 1.22 W3XP
- replay type: Public
» download(136 KB)
Players
team 1 (winner)
umm (
green | 134 APM | 5059 actions | 37:45)
7 Crypt Lord
3 Carrion Beetles
3 Spiked Carapace
1 Locust Swarm
5 Death Knight
2 Death Coil
3 Unholy Aura
» actions
| Assign group hotkey | 42 | |
| Basic commands | 98 | |
| Build / train | 52 | |
| ESC pressed | 3 | |
| Enter build submenu | 22 | |
| Enter hero's abilities submenu | 12 | |
| Give item / drop item | 4 | |
| Right click | 2433 | |
| Select / deselect | 477 | |
| Select group hotkey | 1794 | |
| Use ability | 122 | |
5059 total
» units
| Acolyte | 3 | |
| Ghoul | 8 | |
| Obsidian Statue | 2 | |
| Frost Wyrm | 6 | |
| Abomination | 5 | |
24 total
» upgrades
| Creature Attack | 2 | |
| Creature Carapace | 1 | |
3 total
» buildings
| Crypt | 1 | |
| Altar of Darkness | 1 | |
| Ziggurat | 8 | |
| Tomb of Relics | 2 | |
| Graveyard | 1 | |
| Halls of the Dead | 1 | |
| Black Citadel | 1 | |
| Sacrificial Pit | 1 | |
| Slaughterhouse | 2 | |
| Boneyard | 2 | |
| Spirit Tower | 1 | |
21 total
» build order
00:13 Crypt
00:20 Altar of Darkness
00:34 Ziggurat
01:03 Tomb of Relics
01:08 Tomb of Relics
01:41 Ziggurat
03:15 Graveyard
03:54 Halls of the Dead
06:16 Black Citadel
06:26 Sacrificial Pit
06:47 Slaughterhouse
07:01 Ziggurat
07:05 Ziggurat
08:41 Boneyard
08:44 Boneyard
10:00 Ziggurat
10:22 Spirit Tower
13:20 Ziggurat
13:21 Ziggurat
16:53 Slaughterhouse
18:52 Ziggurat
» items
| Rod of Necromancy | 2 | |
| Potion of Mana | 1 | |
| Orb of Corruption | 2 | |
| Scroll of Town Portal | 2 | |
| Scroll of Healing | 1 | |
8 total
team 2 (loser)
Davis.889 (
orange | 64 APM | 2423 actions | 37:43)
6 Archmage
3 Summon Water Elemental
2 Brilliance Aura
1 Mass Teleport
3 Mountain King
2 Storm Bolt
1 Bash
2 Paladin
1 Holy Light
1 Devotion Aura
» actions
| Assign group hotkey | 2 | |
| Basic commands | 5 | |
| Build / train | 134 | |
| Enter build submenu | 24 | |
| Enter hero's abilities submenu | 11 | |
| Give item / drop item | 6 | |
| Remove unit from queue | 7 | |
| Right click | 1355 | |
| Select / deselect | 724 | |
| Use ability | 154 | |
2423 total
» units
| Peasant | 21 | |
| Footman | 7 | |
| Rifleman | 8 | |
| Mortar Team | 3 | |
| Flying Machine | 17 | |
| Siege Engine | 6 | |
| Knight | 11 | |
| Dragonhawk Rider | 6 | |
79 total
» upgrades
| Gunpowder | 1 | |
| Masonry | 1 | |
| Armor | 1 | |
| Barrage | 1 | |
| Lumber Harvesting | 1 | |
| Flak Cannons | 1 | |
| Flying Machine Bombs | 1 | |
| Animal War Training | 1 | |
| Plating | 1 | |
9 total
» buildings
| Altar of Kings | 1 | |
| Farm | 10 | |
| Barracks | 1 | |
| Arcane Vault | 1 | |
| Town Hall | 2 | |
| Blacksmith | 1 | |
| Lumber Mill | 1 | |
| Keep | 1 | |
| Workshop | 2 | |
| Scout Tower | 4 | |
| Castle | 1 | |
| Guard Tower | 2 | |
| Gryphon Aviary | 1 | |
| Arcane Sanctum | 1 | |
29 total
» build order
00:12 Altar of Kings
00:18 Farm
00:30 Barracks
00:57 Farm
01:47 Farm
02:51 Farm
03:43 Arcane Vault
05:06 Town Hall
05:41 Blacksmith
06:30 Farm
06:42 Lumber Mill
07:51 Keep
09:48 Farm
10:22 Workshop
10:32 Scout Tower
10:34 Scout Tower
11:24 Workshop
11:26 Castle
11:28 Guard Tower
11:32 Scout Tower
11:33 Scout Tower
11:41 Farm
12:58 Gryphon Aviary
17:04 Guard Tower
17:29 Farm
17:30 Farm
19:06 Farm
22:57 Arcane Sanctum
33:33 Town Hall
» items
| Scroll of Regeneration | 9 | |
| Potion of Lesser Invulnerability | 1 | |
| Scroll of Protection | 1 | |
| Potion of Healing | 4 | |
| Potion of Mana | 1 | |
| Scroll of Town Portal | 2 | |
| Orb of Fire | 2 | |
| Staff of Sanctuary | 1 | |
| Lesser Clarity Potion | 1 | |
22 total
Chat log
(35:03 / All) Davis.889: lol i got gold from that
(35:08 / All) umm: er?
(35:12 / All) umm: you never even got it up?
(35:18 / All) Davis.889: no
(35:21 / All) Davis.889: i had peasants running
(35:22 / All) umm: ah
(35:26 / All) Davis.889: then i teleed them
(35:30 / All) umm: Hah
(37:03 / All) Davis.889: lol
(37:08 / All) Davis.889: u do a good job runnin everything
(37:11 / All) umm: lol ty
(37:29 / All) Davis.889: lol
(37:32 / All) Davis.889: new u wa watchin
(37:35 / All) Davis.889: gg
(37:37 / All) umm: gg
(37:38 / All) umm: very